 Dungeon Crawl Stone Soup version 0.28.0-1-gb440e238dd (webtiles) character file.

Game seed: 16642387758505724011

43 zeram the Sneak (level 3, 0/24 HPs)
             Began as an Octopode Brigand on Feb 24, 2022.
             Slain by a goblin (3 damage)
             ... led by Robin
             ... on level 2 of the Dungeon.
             The game lasted 00:01:23 (1012 turns).

zeram the Sneak (Octopode Brigand)                  Turns: 1012, Time: 00:01:24

Health: 0/24       AC:  1    Str: 10    XL:     3   Next: 58%
Magic:  3/3        EV: 12    Int: 15    God:
Gold:   38         SH:  0    Dex: 13    Spells: 2/2 levels left

rFire   . . .      SeeInvis .   a - +2 dagger
rCold   . . .      Faith    .   (no shield)
rNeg    . . .      Spirit   .   (helmet restricted)
rPois   .          Reflect  .   (no amulet)
rElec   .          Harm     .   (no ring)
rCorr   .          Rampage  .   (no ring)
Will    .....                   (no ring)
Stlth   ++++......              (no ring)
HPRegen 0.08/turn               (no ring)
MPRegen 0.08/turn               (no ring)
                                (no ring)
                                (no ring)

@: weak-willed
A: almost no armour, amphibious, 8 rings, camouflage 1, gelatinous body 1,
(nimble swimmer 1), tentacles
a: no special abilities


You were on level 2 of the Dungeon.
You visited 1 branch of the dungeon, and saw 2 of its levels.

You collected 38 gold pieces.

Inventory:

Hand Weapons
 a - a +2 dagger (weapon)
Missiles
 b - 8 poisoned darts (quivered)
 c - 2 curare-tipped darts


   Skills:
 + Level 2.1 Fighting
 + Level 2.4 Short Blades
 + Level 2.2 Throwing
 + Level 1.1 Dodging
 + Level 6.4 Stealth


You had 2 spell levels left.
You didn't know any spells.
Your spell library was empty.

Dungeon Overview and Level Annotations

Branches:
Dungeon (2/15)

Altars:

Annotations:
D:2 Robin


Innate Abilities, Weirdness & Mutations

You cannot wear most types of armour.
You are amphibious.
You can wear up to eight rings at the same time.
Your skin changes colour to match your surroundings (Stealth+).
Your rubbery body absorbs attacks. (AC +1, EV +1)
((You are camouflaged when in or above water. (Stealth+)))
You have tentacles for arms and can constrict up to eight enemies at once.


Message History

You hit the hobgoblin.
You kill the hobgoblin!
Robin roars a battlecry!
The endoplasm barely misses you. The goblin hits you with a +0 dagger.
You hear an angry hiss.
You hear a shout!
You are too injured to fight recklessly!
Unknown command.
You are too injured to fight recklessly!
Robin says, "Duck!"
You see here a hobgoblin corpse.
A goblin comes into view. It is wielding a +0 club.
Robin says, "A pitiful Octopus like you will never find the ORB!"
Robin throws the goblin at you!
Robin roars a battlecry!
The goblin goes into a battle-frenzy!
Found a club.
The endoplasm freezes you.
You are frozen.
* * * LOW HITPOINT WARNING * * *
A goblin and a ball python come into view.
The goblin shouts!
The ball python hisses angrily.
A hobgoblin comes into view.
A hobgoblin comes into view.
There is a stone staircase leading down here.
You hit the ball python.
You kill the ball python!
The goblin no longer looks unusually strong.
You hit the goblin. Your grab misses the goblin.
The goblin is heavily wounded.
You hit the goblin.
You kill the goblin!
The goblin hits you with a +0 dagger.
* * * LOW HITPOINT WARNING * * *
Things that are here:
a +0 club; a ball python corpse You aren't carrying any potions.
As you read the scroll labelled NOOSMEROISCH, it crumbles to dust.
Magic quickly surges around you.
It was a scroll of vulnerability.
The goblin hits you with a +0 dagger.
You die...

#.# #).##g#
#.#####.g##g.
#.....#†.##g#
#####.#..##.###
#.....#..##.).#
###.###.#..##.#.#
#.....#....Jg>..##
####.#.#.#########J.#
#.............@gg.g.#
#.##.#.###.########.#
#.##.......# .#
#.####.##### ..
#.####....# #.#
#.......#.# .#
#.........# ..
##......### ########


You could see an endoplasm (weak-willed), a hobgoblin (weak-willed) and 2
goblins.

Vanquished Creatures
  5 ball pythons
  5 endoplasms (D:1)
  A giant cockroach (D:1)
  4 goblins (D:2)
  5 hobgoblins
  6 jackals (D:1)
  A kobold (D:1)
  3 quokkas (D:1)
  2 bats (D:1)
  3 frilled lizards (D:1)
  A rat (D:1)
36 creatures vanquished.

Vanquished Creatures (others)
  5 plants (D:2)
5 creatures vanquished.

Grand Total: 41 creatures vanquished

Notes
Turn   | Place    | Note
-------+----------+-------------------------------------------
     0 | D:1      | zeram the Octopode Brigand began the quest for the Orb.
     0 | D:1      | Reached XP level 1. HP: 14/14 MP: 1/1
   174 | D:1      | Reached XP level 2. HP: 17/19 MP: 2/2
   584 | D:1      | Reached skill level 6 in Stealth
   620 | D:1      | Reached XP level 3. HP: 24/24 MP: 3/3
   988 | D:2      | Noticed Robin
  1012 | D:2      | Slain by a goblin

Illustrated notes

Levels and vault maps discovered:
D:1:      minmay_arrival_floating_metal, layout_loops_ring
D:2:      layout_basic, serial_glass, glass_columns_c, glass_columns_b,
          serial_shops, shop, minmay_lizard_king, uniq_robin, uniq_sigmund

Skill      XL: |  1  2 |
---------------+-------+-----
Stealth        | 6 |  6.4
Fighting       | |  2.1
Short Blades   | |  2.4
Throwing       | |  2.2
Dodging        | |  1.1

Action                   || total
-------------------------++-------
Melee: Dagger            ||    52
       Constrict         ||    11
       Tentacles         ||     6
  Use: Scroll            ||     2
 Stab: Sleeping          ||    15
Armor: Skin              ||     1
Dodge: Dodged            ||    27
